 Dungeon Crawl Stone Soup version 0.32-a0-996-gb3226c2 (webtiles) character file.

Game seed: 11891491668843736634

700 Hug the Sneak (level 7, -3/56 HPs)
             Began as a Demonspawn Brigand on Apr 23, 2024.
             Slain by a water moccasin (5 damage)
             ... on level 4 of the Dungeon.
             The game lasted 00:07:42 (3914 turns).

Hug the Sneak (Demonspawn Brigand)                  Turns: 3914, Time: 00:07:42

Health: -3/56      AC:  6    Str: 11    XL:     7   Next: 38%
Magic:  10/10      EV: 10    Int: 12    God:
Gold:   193        SH:  8    Dex: 16    Spells: 6/6 levels left

rFire   . . .        a - +2 dagger (freeze)
rCold   . . .        g - +0 buckler
rNeg    . . .        b - +0 robe
rPois   .            (no helmet)
rElec   .            c - +1 cloak
rCorr   .            (no gloves)
SInv    .            (no boots)
Will    .....        (no amulet)
Stlth   +++          (no ring)
HPRegen 0.29/turn    (no ring)
MPRegen 0.12/turn

%: no passive effects
@: lethally poisoned (-3 -> -8)
A: hooves 2, yellow scales 1, condensation shield
a: no special abilities


You were on level 4 of the Dungeon.
You visited 1 branch of the dungeon, and saw 5 of its levels.

You collected 193 gold pieces.

Inventory:

Hand Weapons
 a - a +2 dagger of freezing (weapon)
Missiles
 d - 5 poisoned darts (quivered)
 e - 2 curare-tipped darts
Armour
 b - a +0 robe (worn)
 c - a +1 cloak (worn)
 g - a +0 buckler (worn)
Wands
 f - a wand of mindburst (10)
 h - a wand of flame (38)
Scrolls
 k - a scroll of silence
 n - a scroll of noise
Potions
 i - a potion of cancellation
 l - a potion of magic


   Skills:
 * Level 5.5 Fighting
 - Level 1.7 Short Blades
 - Level 1.7 Throwing
 - Level 0.8 Dodging
 * Level 6.2 Stealth
 + Level 4.5 Invocations


You had 6 spell levels left.
You didn't know any spells.
Your spell library contained the following spells:

 Spells                   Type           Power      Damage    Failure   Level
 Cigotuvi's Dreadful Rot  Necr/Alch/Air  0%         N/A       58%         2
 Ignite Poison            Fire/Alch      0%         N/A       99%         4
 Freezing Cloud           Conj/Ice/Air   0%         6-21      100%        5


Dungeon Overview and Level Annotations

Branches:
Dungeon (5/15)
 Temple: D:4-7

Altars:
Nemelex Xobeh
Wu Jian

Shops:
D:2 (


Innate Abilities, Weirdness & Mutations

You have hoof-like feet.
You are partially covered in yellow scales. (AC +2)
A meltable shield of frost defends you. (SH +4)


Message History

The water moccasin is moderately wounded.
The water moccasin bites you.
* * * LOW HITPOINT WARNING * * *
You barely miss the water moccasin.
The water moccasin is moderately wounded.
The water moccasin bites you but does no damage. x2
You closely miss the water moccasin.
The water moccasin is moderately wounded.
The water moccasin closely misses you.
Aiming: Mindburst
Press: ? - help, Shift-Dir - straight line, f/p - water moccasin
Aim: a water moccasin (moderately wounded, chance to affect: 64%)
The water moccasin struggles to resist.
The water moccasin bites you but does no damage.
The water moccasin bites you!
* * * LOW HITPOINT WARNING * * *
You are lethally poisoned!
The water moccasin poisons you!
Okay, then.
Okay, then.
Okay, then.
Okay, then.
Aiming: Mindburst
Press: ? - help, Shift-Dir - straight line, f/p - water moccasin
Aim: a water moccasin (moderately wounded, chance to affect: 64%)
The water moccasin struggles to resist.
* * * LOW HITPOINT WARNING * * *
You feel very sick. The water moccasin barely misses you.
You hit the water moccasin. You freeze the water moccasin.
Your kick misses the water moccasin.
The water moccasin is moderately wounded.
* * * LOW HITPOINT WARNING * * *
You feel very sick. The water moccasin closely misses you.
You barely miss the water moccasin. You kick the water moccasin.
The water moccasin is moderately wounded.
* * * LOW HITPOINT WARNING * * *
You feel sick. The water moccasin bites you.
You die...

#####.##..#######.#
#...#.....#.....#.#
#.#.#.....#..##.#.#
##############.#.#.....#.....#.#
................>##......#...#.#
#######........†S...##.#.#.#.#.#
#.......##f##........#...#
#.......##S##.#..#####.###
#######..^....##@##.#.......##
.....##.......##....#.#####.#
####.##.......##.####.#####.#
..##.##.......##.# #.......#
.....###.#######.##########.#
#.##.###.#### #............#
#....)......# #..###.......#
#########..<# #..# #######.#
####### #...# #..# #######.#


You could see a water moccasin, a sleepcap and an adder.

Vanquished Creatures
  Eustachio (D:4)
  2 black bears (D:4)
  An ogre (D:4)
  A howler monkey (D:3)
  A bombardier beetle (D:4)
  2 iguanas
  Terence (D:2)
  10 adders
  2 ufetubi
  2 orcs
  9 endoplasms
  A giant cockroach (D:3)
  6 goblins
  A hobgoblin (D:1)
  7 jackals
  3 quokkas
  3 ball pythons
  2 bats (D:1)
  4 frilled lizards
  3 kobolds
  9 rats
71 creatures vanquished.

Notes
Turn   | Place    | Note
-------+----------+-------------------------------------------
     0 | D:1      | Hug the Demonspawn Brigand began the quest for the Orb.
     0 | D:1      | Reached XP level 1. HP: 16/16 MP: 1/1
   340 | D:1      | Gained mutation: You have large cloven feet. [demonic
                  | ancestry]
   340 | D:1      | Reached XP level 2. HP: 22/22 MP: 2/2
   445 | D:1      | Reached skill level 1 in Invocations
   687 | D:2      | Noticed Terence
   767 | D:2      | Killed Terence
   768 | D:2      | Reached skill level 4 in Stealth
   768 | D:2      | Reached XP level 3. HP: 21/28 MP: 2/4
   895 | D:2      | Found Duriggom's Antique Weapon Boutique.
  1373 | D:2      | Gained mutation: A meltable shield of frost defends you.
                  | (SH +4) [demonic ancestry]
  1373 | D:2      | Reached XP level 4. HP: 19/35 MP: 5/5
  1685 | D:3      | Gained mutation: You are partially covered in yellow
                  | scales. (AC +2) [demonic ancestry]
  1685 | D:3      | Reached XP level 5. HP: 31/41 MP: 6/6
  1982 | D:3      | You fall into a shaft and drop 1 floor!
  2353 | D:3      | Found a faded altar of an unknown god.
  2563 | D:4      | Noticed an ogre
  2568 | D:4      | Killed an ogre
  2569 | D:4      | Reached skill level 5 in Stealth
  2569 | D:4      | Reached XP level 6. HP: 49/49 MP: 8/8
  3094 | D:4      | Found an ornate altar of the Wu Jian Council.
  3167 | D:4      | Noticed Eustachio
  3220 | D:4      | Killed Eustachio
  3221 | D:4      | Reached skill level 5 in Fighting
  3389 | D:4      | Gained mutation: You have hoof-like feet. [demonic
                  | ancestry]
  3389 | D:4      | Reached XP level 7. HP: 56/56 MP: 10/10
  3401 | D:4      | Reached skill level 6 in Stealth
  3486 | D:4      | Found a sparkling altar of Nemelex Xobeh.
  3717 | D:5      | Entered Level 5 of the Dungeon
  3914 | D:4      | HP: 2/56 [poisoned by a water moccasin]
  3914 | D:4      | Slain by a water moccasin

Illustrated notes

Levels and vault maps discovered:
D:1:      minmay_arrival_nine_rooms, layout_loops_ring
D:2:      layout_basic, serial_shops, nicolae_shop_trees, uniq_terence
D:3:      layout_basic, shapermc_ecumenical_altar_acropolis, roderic_lattice_a,
          dreamdust_wishing_well
D:4:      layout_basic, nemelex_dance_club_becter, nzn_wu_jian_contemplation,
          uniq_eustachio
D:5:      layout_rooms

Skill      XL: |  1  2  3  4  5  6  7 |
---------------+----------------------+-----
Invocations    | 1 2 3 4 |  4.5
Stealth        | 4 5 6 |  6.2
Fighting       | 3 4 5 |  5.5
Short Blades   | |  1.7
Throwing       | |  1.7
Dodging        | |  0.8

Action                     |  1- 3 |  4- 6 |  7- 9 || total
---------------------------+-------+-------+-------++-------
  Melee: Dagger            |    67 |   126 |    29 ||   222
         Kick              |    11 |    30 |     8 ||    49
  Throw: Dart              |    14 |    23 |     7 ||    44
  Evoke: Wand              |       |       |     3 ||     3
    Use: Scroll            |     3 |    10 |       ||    13
         Potion            |       |     2 |       ||     2
   Stab: Sleeping          |     7 |     5 |     2 ||    14
 Armour: Robe              |    43 |    92 |    43 ||   178
  Dodge: Dodged            |    22 |    66 |    22 ||   110
  Block: Buckler           |     2 |    48 |    15 ||    65

Table legend: (Time is in decaauts)
 A = Elapsed time spent in this place.
 B = Non-inter-level travel time spent in this place.
 C = Inter-level travel time spent in this place.
 D = Time resting spent in this place.
 E = Time spent auto-exploring this place.
 F = Levels seen in this place.
 G = Mean time per level.
                   A        B        C        D        E       F      G
               +--------+--------+--------+--------+--------+-----+--------+
         Total |   3908 |   3856 |     52 |    126 |   3123 |   5 |  781.6 |
       Dungeon |   3908 |   3856 |     52 |    126 |   3123 |   5 |  781.6 |
               +--------+--------+--------+--------+--------+-----+--------+

Top non-repeatable levels by time:
     D:4: 1397 daAuts
     D:3: 929 daAuts
     D:2: 816 daAuts
     D:1: 748 daAuts
     D:5: 15 daAuts
